AoeStats
← Lukitasmdp150

Arena

509754054Analyzed
1v1 RM · 4d ago on Sep 27, 2026· 55m 49s· 2 players
Game mode
Random Map
Map size
Tiny (2 player)
Population
200
Speed
Normal
Resources
Standard
Victory
Conquest
Starting age
Dark Age
Ending age
Imperial Age
RankedLock teamsTeams togetherTeam positionsShared explorationLock speedFull tech treeHidden civsTurbo modeCheats
Victory
Defeat
🇨🇦 Sicilians · Canada
890
+18
🇦🇷 Georgians · Argentina
930
-31
Poptart#44
11:10 Feudal Age
12:21 Double-Bit Axe
18:19 Castle Age
17:32 Forging
18:27 Horse Collar
20:01 Scale Mail Armor
21:04 Iron Casting
20:57 Heavy Plow
22:22 Fletching
23:37 Gold Mining
25:40 Chain Mail Armor
27:26 Wheelbarrow
32:00 Bodkin Arrow
46:49 Hand Cart
51:07 Imperial Age
51:54 Cavalier
52:45 Bloodlines
52:39 Husbandry
53:25 Scale Barding Armor
54:21 Blast Furnace
53:32 Bracer
55:44 Chain Barding Armor
Lukitasmdp150
8:35 Loom
11:03 Feudal Age
12:01 Double-Bit Axe
19:32 Castle Age
19:15 Wheelbarrow
20:11 Horse Collar
22:14 Bloodlines
22:04 Husbandry
23:13 Forging
23:09 Scale Barding Armor
29:01 Fletching
34:17 Bodkin Arrow
42:06 Murder Holes
41:35 Crossbowman
43:41 Padded Archer Armor
45:23 Bow Saw
48:41 Ballistics
56:13 Gold Mining
Connection lost

Rejoining the realm…

Still unreachable

The connection could not be restored.

Session expired

The server has moved on; the page needs a fresh start.